 Dungeon Crawl Stone Soup version 0.27-a0-1193-g8631133539 (webtiles) character file.

Game seed: 17058614655301788769

55 DemonSlayer the Cutter (level 4, 0/35 HPs)
             Began as a Human Berserker on May 26, 2021.
             Was a Believer of Trog.
             Slain by a hobgoblin
             ... wielding a +0 quarterstaff
              (4 damage)
             ... on level 2 of the Dungeon.
             The game lasted 00:06:05 (2577 turns).

DemonSlayer the Cutter (Human Berserker)            Turns: 2577, Time: 00:06:05

Health: 0/35       AC:  6    Str: 17    XL:     4   Next: 14%
Magic:  4/4        EV: 12    Int:  7    God:    Trog [**....]
Gold:   67         SH:  0    Dex: 14    Spells: 3/3 levels left

rFire    . . .     SeeInvis .   a - +0 short sword
rCold    . . .     Faith    .   (no shield)
rNeg     . . .     Spirit   .   e - +1 leather armour
rPois    .         Reflect  .   (no helmet)
rElec    .         Harm     .   (no cloak)
rCorr    .         Rampage  .   (no gloves)
Will     .....                  c - +1 pair of boots
Stlth    +.........             (no amulet)
HPRegen  0.11/turn              (no ring)
MPRegen  0.09/turn              (no ring)

@: no status effects
A: no striking features
a: Renounce Religion, Berserk, Trog's Hand


You were on level 2 of the Dungeon.
You worshipped Trog.
Trog was pleased with you.
You visited 1 branch of the dungeon, and saw 2 of its levels.

You collected 67 gold pieces.

Inventory:

Hand Weapons
 a - a +0 short sword (weapon)
Armour
 b - a +0 animal skin
 c - a +1 pair of boots (worn)
 e - a +1 leather armour (worn)
Scrolls
 d - a scroll of summoning {unknown}


   Skills:
 + Level 3.4 Fighting
 + Level 3.6 Short Blades
 + Level 2.5 Armour
 + Level 2.4 Dodging
 + Level 0.3 Stealth


You had 3 spell levels left.
You didn't know any spells.
Your spell library was empty.

Dungeon Overview and Level Annotations

Branches:
Dungeon (2/15)

Altars:


Message History

HP restored.
d - a scroll labelled VOPRUM MULELED A ball python comes into view.
The ball python hisses angrily.
You hit the ball python.
You kill the ball python!
Trog accepts your kill.
A hobgoblin comes into view. It is wielding a +0 quarterstaff.
The hobgoblin shouts!
An adder comes into view.
The adder hisses angrily.
The hobgoblin hits you with a +0 quarterstaff!
You hit the hobgoblin but do no damage.
The hobgoblin hits you with a +0 quarterstaff.
You barely miss the hobgoblin.
The hobgoblin hits you with a +0 quarterstaff.
You hit the hobgoblin but do no damage. The adder bites you.
The hobgoblin hits you with a +0 quarterstaff.
You barely miss the hobgoblin. The adder misses you. The hobgoblin misses you.
The adder misses you.
You hit the hobgoblin but do no damage.
The hobgoblin hits you with a +0 quarterstaff.
The adder bites you but does no damage.
You barely miss the hobgoblin.
The hobgoblin hits you with a +0 quarterstaff!
* * * LOW HITPOINT WARNING * * *
The adder closely misses you.
You puncture the adder!
The adder is severely wounded.
The adder misses you. The hobgoblin misses you.
You puncture the adder!
You kill the adder!
Trog accepts your kill.
The hobgoblin hits you but does no damage.
You have reached level 4!
You feel agile.
You barely miss the hobgoblin. The hobgoblin closely misses you.
You hit the hobgoblin but do no damage.
The hobgoblin hits you with a +0 quarterstaff.
You die...

##.## ##.......##
##.....# ###.#
##....<## ##.#..#
#...# ##...## #....#
#.### ##+## ###.##
#.# #.# .# #.#
#####.# # #.#
#.....##
##.#######.###..#####
#.#........# #@g....#
##.######..#
#.......# ###
#......#.##..#
#.##...#... ..
#.##.....##. #
#.###..... .# #.#
##.#.# # #.# #.# #..


You could see a hobgoblin.

Vanquished Creatures
  An adder (D:2)
  A worm (D:2)
  2 dart slugs
  6 bats (D:1)
  3 endoplasms
  2 giant cockroaches (D:1)
  A goblin (D:1)
  2 hobgoblins (D:1)
  2 jackals (D:1)
  3 quokkas (D:1)
  6 ball pythons
  A frilled lizard (D:1)
  3 kobolds (D:1)
  4 rats
37 creatures vanquished.

Notes
Turn   | Place    | Note
-------+----------+-------------------------------------------
     0 | D:1      | DemonSlayer the Human Berserker began the quest for the
                  | Orb.
     0 | D:1      | Reached XP level 1. HP: 18/18 MP: 1/1
   430 | D:1      | Reached XP level 2. HP: 22/24 MP: 2/2
  1121 | D:1      | Reached XP level 3. HP: 29/29 MP: 3/3
  2315 | D:2      | Reached ** piety under Trog
  2576 | D:2      | Reached XP level 4. HP: 4/35 MP: 4/4
  2577 | D:2      | Slain by a hobgoblin

Illustrated notes

Levels and vault maps discovered:
D:1:      nzn_arrival_crosshair, layout_basic
D:2:      layout_loops_corners, dk_vineyard_3

Action                   |  1- 3 |  4- 6 || total
-------------------------+-------+-------++-------
Melee: Short sword       |   124 |     2 ||   126
Invok: Berserk           |     2 |       ||     2
  Use: Scroll            |     4 |       ||     4
Armor: Animal skin       |    10 |       ||    10
       Leather armour    |    94 |       ||    94
Dodge: Dodged            |   227 |     1 ||   228

Table legend: (Time is in decaauts)
 A = Elapsed time spent in this place.
 B = Non-inter-level travel time spent in this place.
 C = Inter-level travel time spent in this place.
 D = Time resting spent in this place.
 E = Time spent auto-exploring this place.
 F = Levels seen in this place.
 G = Mean time per level.
                   A        B        C        D        E       F      G
               +--------+--------+--------+--------+--------+-----+--------+
         Total |   2582 |   2582 |      0 |   1029 |    889 |   2 | 1291.0 |
       Dungeon |   2582 |   2582 |      0 |   1029 |    889 |   2 | 1291.0 |
               +--------+--------+--------+--------+--------+-----+--------+

Top non-repeatable levels by time:
     D:1: 2108 daAuts
     D:2: 474 daAuts
